 Dungeon Crawl Stone Soup version 0.20-a0-1122-gb7cbeb9 (webtiles) character file.

112 Kriby the Conjurer (level 4, -6/27 HPs)
             Began as an Octopode Wizard on May 13, 2017.
             Mangled by Crazy Yiuf
             ... wielding a +2 quarterstaff of chaos
              (24 damage)
             ... on level 2 of the Dungeon.
             The game lasted 00:03:47 (2739 turns).

Kriby the Conjurer (Octopode Wizard)                Turns: 2739, Time: 00:03:47

Health: -6/27      AC:  1    Str:  6    XL:     4   Next: 95%
Magic:  0/9        EV: 13    Int: 21    God:
Gold:   84         SH:  0    Dex: 10    Spells: 7/10 levels left

rFire    . . .     SeeInvis .   k - -3 spear (curse)
rCold    + . .     Gourm    .   (no shield)
rNeg     . . .     Faith    .   a - +0 hat
rPois    .         Spirit   .   (no amulet)
rElec    .         Reflect  .   m - ring of protection from cold
rCorr    .         Harm     .   (no ring)
MR       .....                  (no ring)
Stlth    +++.......             (no ring)
Regen    0.1/turn               (no ring)
MPRegen  0.2/turn               (no ring)
                                (no ring)
                                (no ring)

@: no status effects
A: almost no armour, stealthy swim, amphibious, 8 rings, constrict 8, camouflage
1, gelatinous body 1
a: no special abilities


You were on level 2 of the Dungeon.
You were not hungry.

You visited 1 branch of the dungeon, and saw 2 of its levels.

You collected 84 gold pieces.

Inventory:

Hand Weapons
 e - a +1 dagger of freezing
 f - a +0 dagger of venom
 i - a +0 short sword
 k - a cursed -3 spear (weapon)
Armour
 a - a +0 hat (worn)
 d - a +0 shield
Jewellery
 m - a ring of protection from cold (left tentacle)
Scrolls
 h - a scroll of remove curse {unknown}
Potions
 g - a potion of resistance
 j - a potion of magic {unknown}
 l - a potion of flight {unknown}
 o - a potion of heal wounds {unknown}
Books
 b - a book of Minor Magic

   Spells                             Type                      Level
   a - Magic Dart                     Conjuration                  1
   b - Blink                          Translocation                2
   c - Call Imp                       Summoning                    2
   d - Slow                           Hexes                        2
   e - Conjure Flame                  Conjuration/Fire             3
   f - Mephitic Cloud                 Conjuration/Poison/Air       3
Comestibles
 c - a bread ration
 n - a royal jelly
 p - a chunk of flesh


   Skills:
 - Level 2.0 Dodging
 - Level 2.6 Stealth
 + Level 3.5 Spellcasting
 * Level 4.0 Conjurations
 - Level 1.0 Summonings
   Level 1.0 Translocations


You had 7 spell levels left.
You knew the following spells:

 Your Spells              Type           Power        Failure   Level  Hunger
a - Magic Dart            Conj           ###.         2%          1    None
c - Call Imp              Summ           #.......     13%         2    ##.....


Dungeon Overview and Level Annotations

Branches:
Dungeon (2/15)

Altars:

Annotations:
D:2 Crazy Yiuf


Innate Abilities, Weirdness & Mutations

You cannot wear most types of armour.
You are very stealthy in the water. (Stealth+)
You are amphibious.
You can wear up to eight rings at the same time.
You can use your tentacles to constrict eight enemies at once.
Your skin changes colour to match your surroundings (Stealth+).
Your rubbery body absorbs attacks. (AC +1, EV +1)


Message History

The puff of frost misses Crazy Yiuf.
Crazy Yiuf hits your white imp with a quarterstaff of chaos!
Your white imp dies!
Casting: Call Imp
Confirm with . or Enter, or press ? or * to list all spells.
A beastly little devil appears in a puff of flame.
You swap places.
Crazy Yiuf hits your crimson imp with a quarterstaff of chaos!
Crazy Yiuf freezes your crimson imp.
Your crimson imp dies!
You hear a shout!
Okay, then.
Casting: Call Imp
Confirm with . or Enter, or press ? or * to list all spells.
A beastly little devil appears in a puff of frigid air.
Crazy Yiuf hits you with a quarterstaff of chaos!
You feel your power leaking away.
Crazy Yiuf hits you with a quarterstaff of chaos!!
Ouch! That really hurt!
You die...

#.###.#.#
#.#####.#####.#
##.#.##.# #.# #.#
#.# ##.##### ###
### #.# #.# #.# #.#
#.# #.# ###
♣♣#####.# #.#
#)..#♣♣ ♣♣5...##.#
#.#
#...).♣♣♣♣......#.#
#.#
#...#♣g.♣g@.....#.#
#.# ###
♣♣♣.♣.♣....#.# #.#
♣♣♣♣♣##....# #.#
#....# #.# ### ###
####....# ###.# #.#
#.# #.......#
....###.#####.#
#.......#
######........#
#.......#
######..#######
#.......#


You could see Crazy Yiuf (berserk) and a friendly white imp.

Vanquished Creatures
  3 adders (D:2)
  An ooze (D:1)
  A worm (D:2)
  2 dart slugs (D:1)
  3 leopard geckos
  A ball python (D:1)
  4 giant cockroaches
  8 goblins
  4 hobgoblins (D:1)
  2 jackals (D:1)
  2 kobolds (D:2)
  8 bats
  5 frilled lizards
  5 rats
49 creatures vanquished.

Vanquished Creatures (collateral kills)
  Terence (D:2)
  An ooze (D:1)
  2 hobgoblins (D:1)
  A kobold (D:1)
  3 goblins
  A rat (D:1)
9 creatures vanquished.

Grand Total: 58 creatures vanquished

Notes
Turn   | Place    | Note
-------+----------+-------------------------------------------
     0 | D:1      | Kriby the Octopode Wizard began the quest for the Orb.
     0 | D:1      | Reached XP level 1. HP: 11/11 MP: 4/4
   112 | D:1      | Reached XP level 2. HP: 17/17 MP: 3/6
   161 | D:1      | Learned a level 2 spell: Call Imp
   185 | D:1      | Reached skill level 2 in Conjurations
   694 | D:1      | Reached XP level 3. HP: 21/21 MP: 3/7
  1427 | D:1      | Reached skill level 3 in Conjurations
  1543 | D:1      | Reached XP level 4. HP: 27/27 MP: 2/9
  2146 | D:2      | Found a runed door.
  2339 | D:2      | Noticed Terence
  2351 | D:2      | Killed Terence
  2442 | D:2      | Reached skill level 4 in Conjurations
  2728 | D:2      | Noticed Crazy Yiuf
  2739 | D:2      | Mangled by Crazy Yiuf

Vault maps used:
D:1:      onia_arrival_handbag
D:2:      uniq_terence, uniq_crazy_yiuf_cottage

Skill      XL: |  1  2  3  4 |
---------------+-------------+-----
Conjurations   | 2 3 4 |  4.0
Dodging        | |  2.0
Stealth        | |  2.6
Spellcasting   | |  3.5
Summonings     | |  1.0
Translocations | |  1.0

Action                   |  1- 3 |  4- 6 || total
-------------------------+-------+-------++-------
Melee: Unarmed           |     8 |       ||     8
       Tentacles         |     1 |       ||     1
       Spear             |     2 |       ||     2
       Constrict         |     1 |       ||     1
 Cast: Magic Dart        |    72 |    46 ||   118
       Call Imp          |     4 |     6 ||    10
  Use: Scroll            |     1 |     2 ||     3
  Eat: Chunk             |     2 |     4 ||     6
Armor: Skin              |     2 |     1 ||     3
Dodge: Dodged            |    17 |     1 ||    18
